 Dungeon Crawl Stone Soup version 0.30-a0-395-gfe72c296f8 (webtiles) character file.

Game seed: 1074730767799755456

9750 Bnni the Skirmisher (level 11, -21/87 HPs)
             Began as a Formicid Hexslinger on Dec 7, 2022.
             Was an Initiate of Yredelemnul.
             Demolished by a two-headed ogre
             ... wielding a +0 giant spiked club
              (27 damage)
             ... on level 10 of the Dungeon.
             The game lasted 00:48:28 (12532 turns).

Bnni the Skirmisher (Formicid Hexslinger)          Turns: 12532, Time: 00:48:28

Health: -21/87     AC:  6    Str: 15 (16) XL:     11   Next: 80%
Magic:  11/25      EV: 12    Int: 10 (12) God:    Yredelemnul [......]
Gold:   384        SH:  0    Dex: 16 (18) Spells: 5/16 levels left

rFire   . . .      SeeInvis +    J - +0 shortbow
rCold   . . .      Faith    .    (no shield)
rNeg    . . .      Spirit   .    q - +0 steam dragon scales
rPois   .          Reflect  .    (helmet unavailable)
rElec   .          Harm     .    f - +1 cloak
rCorr   .          Rampage  .    N - +0 pair of gloves
Will    +....                    e - +0 pair of boots
Stlth   +.........               B - amulet of regeneration
HPRegen 1.14/turn                d - ring of wizardry
MPRegen 0.19/turn                v - ring of magical power

@: corroded
A: permanent stasis, dig shafts and tunnels, antennae 3, four strong arms
a: Dig, Shaft Self, Renounce Religion, Recall Undead Harvest


You were on level 10 of the Dungeon.
You worshipped Yredelemnul.
Yredelemnul was noncommittal.
You visited 1 branch of the dungeon, and saw 10 of its levels.
You also visited: Sewer.

You collected 454 gold pieces.
You spent 70 gold pieces at shops.

Inventory:

Hand Weapons
 D - a +2 whip of venom
 J - a +0 shortbow (weapon)
Missiles
 r - a throwing net
Armour
 e - a +0 pair of boots (worn)
 f - a +1 cloak (worn)
 q - +0 steam dragon scales (worn)
 N - a +0 pair of gloves (worn)
Jewellery
 d - a ring of wizardry (left hand)
 s - a ring of fire
 t - a ring of positive energy
 v - a ring of magical power (right hand)
 w - the ring "Suhy" {+Blink Will+ rCorr Int-5 Dex+2}
   (You found it on level 5 of the Dungeon)

   [ring of willpower]

   Int:       It affects your intelligence (-5).
   Dex:       It affects your dexterity (+2).
   +Blink:    It lets you blink.
   rCorr:     It protects you from acid and corrosion.
   Will:      It increases your willpower.
 B - an amulet of regeneration (around neck)
Wands
 o - a wand of charming (13)
 x - a wand of iceblast (9)
 E - a wand of flame (54)
Scrolls
 b - 2 scrolls of poison
 c - 2 scrolls of blinking {unknown}
 g - 3 scrolls of enchant armour {unknown}
 h - 3 scrolls of magic mapping {unknown}
 i - 2 scrolls of fog {unknown}
 l - 4 scrolls of teleportation {unknown}
 m - a scroll of silence {unknown}
 p - 3 scrolls of immolation {unknown}
 F - a scroll of amnesia
 I - a scroll of vulnerability {unknown}
 L - a scroll of brand weapon
Potions
 j - 3 potions of magic
 k - 2 potions of heal wounds
 n - 2 potions of might
 u - 5 potions of curing
 z - a potion of mutation
 C - 2 potions of cancellation
 G - 3 potions of flight


   Skills:
 + Level 8.8 Fighting
 * Level 11.4 Ranged Weapons
 - Level 4.0 Armour
 - Level 1.7 Dodging
 - Level 3.3 Spellcasting
 - Level 10.0 Hexes
 - Level 2.0 Translocations
 + Level 7.0 Invocations


You had 5 spell levels left.
You knew the following spells:

 Your Spells              Type           Power      Damage    Failure   Level
a - Slow                  Hex            84%        N/A       1%          1
b - Inner Flame           Hex/Fire       11%        N/A       4%          3
c - Portal Projectile     Hex/Tloc       26%        N/A       2%          3
d - Cause Fear            Hex            10%        N/A       1%          4

Your spell library contained the following spells:

 Spells                   Type           Power      Damage    Failure   Level
 Freeze                   Ice            4%         1d3       11%         1
 Cigotuvi's Dreadful Rot  Necr/Pois/Air  2%         N/A       16%         2
 Poisonous Vapours        Pois/Air       2%         N/A       16%         2
 Kindle Blastsparks       Fire/Tloc/Air  6%         2d10      24%         3
 Frozen Ramparts          Ice            2%         1d1       32%         3
 Hailstorm                Conj/Ice       1%         3d3       32%         3
 Ignite Poison            Fire/Tmut/Pois 1%         N/A       32%         3
 Mephitic Cloud           Conj/Pois/Air  1%         N/A       32%         3
 Ozocubu's Armour         Ice            1%         N/A       32%         3
 Flame Wave               Conj/Fire      1%         2d4       69%         4
 Sticky Flame             Conj/Fire      1%         2d3       69%         4
 Alistair's Intoxication  Tmut/Pois      0%         N/A       95%         5
 Borgnjor's Vile Clutch   Necr/Erth      0%         N/A       95%         5
 Freezing Cloud           Conj/Ice/Air   0%         6-21      95%         5
 Eringya's Noxious Bog    Tmut/Pois      0%         N/A       100%        6
 Ozocubu's Refrigeration  Ice            0%         4d7       100%        7


Dungeon Overview and Level Annotations

Branches:
Dungeon (10/15)            Temple (0/1) D:7            Lair (0/5) D:8
    Orc (0/2) D:9           Sewer (visited)

Altars:
Ashenzari
Cheibriados
Gozag
Kikubaaqudgha
Makhleb
Nemelex Xobeh
Qazlal
Ru
Sif Muna
Uskayaw
Xom
Yredelemnul

Shops:
D:2 :   D:9 *

Annotations:
D:10 1 transporter, Heedrag's ghost, journeyman DsCj


Innate Abilities, Weirdness & Mutations

You cannot be hasted, slowed, berserked, paralysed or teleported.
You can dig through walls and to a lower floor.
You have a pair of large antennae on your head. (SInv)
Your four strong arms can wield two-handed weapons with a shield.


Message History

Here: a centaur warrior, wielding a +2 shortbow of electrocution (lightly wounded)
The floor.
As you read the scroll of fear, it crumbles to dust.
You assume a fearsome visage.
The centaur warrior looks frightened!
The yak looks frightened!
The yak resists with some effort.
Casting: Cause Fear (dangerous; 1% risk of failure)
Confirm with . or Enter, or press ? or * to list all spells.
Aiming: Slow (safe; 1% risk of failure)
Press: ? - help, Shift-Dir - straight line, f - two-headed ogre
Aim: a two-headed ogre, wielding a +0 giant spiked club and a +0 giant club (fleeing, chance to affect: 36%)
Your attack snaps the two-headed ogre out of its fear.
The two-headed ogre easily resists.
Okay, then.
You feel much better.
The centaur warrior cowers, then darts away.
Okay, then.
Throw: dart (curare)
Press: ? - help, Shift-Dir - straight line, f/p - two-headed ogre
Aim: a two-headed ogre, wielding a +0 giant spiked club and a +0 giant club (77% to hit)
You throw a curare-tipped dart.
The curare-tipped dart closely misses the two-headed ogre.
Heedrag's ghost hits something but does no damage.
The two-headed ogre hits you with a +0 giant spiked club!!
* * * LOW HITPOINT WARNING * * *
The two-headed ogre hits you with a +0 giant club!
* * * LOW HITPOINT WARNING * * *
The yak gores you but does no damage.
Unknown command.
Casting: Slow (safe; 1% risk of failure)
Confirm with . or Enter, or press ? or * to list all spells.
Casting: Cause Fear (dangerous; 1% risk of failure)
Press: ? - help, Dir - look around, f - activate Heedrag's ghost is unaffected.
The boulder beetle easily resists.
The yak looks frightened!
The two-headed ogre resists with almost no effort.
The boulder beetle bites you.
* * * LOW HITPOINT WARNING * * *
The two-headed ogre hits you with a +0 giant spiked club!!
You die...
Your body rises from the dead as a mindless zombie.

##.............## #..
#.......©.......####'
#...#########....###.
#..##8.....8##...'...
##..#©......Y.#...###.
########...#..#...#K.#...# #.
#..........#.#Y....#.#...###.
#..........#OWZ.©..D.#.......
#..........#@#.....#.#...####
#..........#.B#...#..#...# #
#..........#......B..#...####
####+###...##8$?[).8##.......
#........#########...####.
#.###........©.......# #. #.#
#.#.............## ## #.#
#.#######..###### # #.###.##
##.### #


You could see a boulder beetle, a two-headed ogre (ally target), 2 yaks, an acid
dragon (fleeing), a kobold brigand, Heedrag's ghost and a friendly cyclops
zombie.

Vanquished Creatures
  A two-headed ogre (D:8)
  Pikel (D:4)
  A cyclops (D:10)
  Maggie (D:9)
  A spectral two-headed ogre (D:8)
  2 hornets
  Sigmund (D:5)
  5 yaks
  A steam dragon (D:8)
  Grum (D:8)
  Menkaure (D:5)
  Edmund (D:5)
  10 vampire mosquitoes
  2 water moccasins
  Pargi (Sewer)
  A spectral yak (D:9)
  3 sky beasts
  An ice beast (D:6)
  2 black bears
  2 centaurs
  2 ogres
  2 wolves (D:8)
  A vampire mosquito zombie (D:9)
  4 lemures (D:3)
  A spectral black bear (D:6)
  Blork the orc (D:4)
  2 necrophages
  2 kobold brigands (D:8)
  2 bullfrogs
  A gnoll sergeant (D:9)
  A scorpion (D:5)
  9 wights
  A yak zombie (D:8)
  17 killer bees
  A spectral ogre (D:5)
  An electric eel (D:6)
  3 howler monkeys
  A wolf zombie (D:8)
  A jelly (D:7)
  4 hounds
  Crazy Yiuf (D:2)
  7 orc priests
  A gnoll bouda (D:9)
  3 iguanas
  A spectral steam dragon (D:8)
  6 orc wizards
  3 spectral killer bees
  A killer bee zombie (D:7)
  A spectral hound (D:6)
  A howler monkey zombie (D:9)
  21 gnolls
  A spectral iguana (D:4)
  4 adders
  2 shadow imps
  An ufetubus (D:7)
  A worm zombie (D:3)
  An iguana zombie (D:4)
  A spectral shadow imp (D:6)
  3 spectral gnolls
  2 worms
  3 dart slugs
  25 orcs
  A bat zombie (D:9)
  7 endoplasms
  3 giant cockroaches
  7 gnoll zombies
  7 goblins
  4 hobgoblins
  A jackal (D:4)
  4 quokkas
  3 ball pythons
  7 bats
  4 frilled lizards
  23 kobolds
  A kobold zombie (D:8)
  4 orc zombies
  5 rats
  3 rat zombies (D:9)
  A spectral kobold (D:8)
  2 spectral orcs
273 creatures vanquished.

Vanquished Creatures (collateral kills)
  4 vampire mosquitoes (D:10)
  A wight (D:8)
  2 killer bees (D:10)
  A howler monkey (D:9)
  A jelly (D:4)
  Ijyb (D:4)
  An adder (D:4)
  A dart slug (D:3)
  3 orcs
  A ball python (D:4)
  An endoplasm (D:4)
  A hobgoblin (D:4)
  A jackal (D:4)
  2 kobolds
21 creatures vanquished.

Vanquished Creatures (others)
  4 vampire mosquito zombies (D:10)
  A water moccasin zombie (D:9)
  A spectral human (D:9)
  A spectral killer bee (D:10)
  3 killer bee zombies
  A howler monkey zombie (D:9)
  2 adder zombies (D:4)
  A jelly zombie (D:7)
  12 orc zombies
  A spectral shadow imp (D:4)
  A spectral gnoll (D:3)
  An orc (D:8)
  A gnoll zombie (D:9)
  A dart slug zombie (D:4)
  2 jackal zombies (D:4)
  2 kobold zombies
  A rat zombie (D:5)
  A spectral orc (D:10)
  A fungus (D:2)
  6 plants
44 creatures vanquished.

Grand Total: 338 creatures vanquished

Notes
Turn   | Place    | Note
-------+----------+-------------------------------------------
     0 | D:1      | Bnni the Formicid Hexslinger began the quest for the Orb.
     0 | D:1      | Reached XP level 1. HP: 15/15 MP: 2/2
   224 | D:1      | Reached XP level 2. HP: 21/21 MP: 3/3
   577 | D:2      | Reached skill level 1 in Translocations
   597 | D:2      | Reached XP level 3. HP: 26/26 MP: 4/4
   844 | D:2      | Learned a level 3 spell: Inner Flame
   902 | D:2      | Found Ackuecom's Book Boutique.
  1254 | D:2      | Found a runed translucent door.
  1255 | D:2      | Noticed Crazy Yiuf
  1315 | D:2      | Killed Crazy Yiuf
  1316 | D:2      | Reached skill level 3 in Ranged Weapons
  1316 | D:2      | Reached XP level 4. HP: 33/33 MP: 2/5
  1473 | D:3      | Found a basalt altar of Yredelemnul.
  1477 | D:3      | Became a worshipper of Yredelemnul the Dark
  1502 | D:3      | Reached XP level 5. HP: 38/38 MP: 2/7
  1603 | D:3      | HP: 1/38 [spore (35)]
  2276 | D:3      | Reached * piety under Yredelemnul
  2335 | D:3      | Reached XP level 6. HP: 46/46 MP: 8/8
  2644 | D:4      | Learned a level 4 spell: Cause Fear
  2750 | D:4      | Reached skill level 4 in Ranged Weapons
  3154 | D:4      | Noticed Pikel
  3319 | D:4      | Killed Pikel
  3320 | D:4      | Reached skill level 5 in Ranged Weapons
  3320 | D:4      | Reached XP level 7. HP: 26/53 MP: 11/11
  3320 | D:4      | Reached XP level 8. HP: 29/60 MP: 12/12
  3471 | D:4      | Noticed Blork the orc
  3483 | D:4      | Killed Blork the orc
  3796 | D:4      | Your ally Blork died
  3803 | D:4      | Learned a level 3 spell: Portal Projectile
  4057 | D:4      | Noticed Ijyb
  4066 | D:4      | Killed Ijyb
  4270 | D:5      | Entered Level 5 of the Dungeon
  4299 | D:5      | Noticed Menkaure
  4480 | D:5      | Noticed Edmund
  4665 | D:5      | Identified the ring "Suhy" {+Blink Will+ rCorr Int-5 Dex+2}
  4766 | D:5      | Found a sacrificial altar of Ru.
  4994 | D:5      | Found a glowing drain.
  5005 | D:5      | Reached skill level 1 in Armour
  5013 | Sewer    | Entered a sewer
  5095 | Sewer    | Reached skill level 6 in Ranged Weapons
  5149 | Sewer    | Noticed Pargi
  5156 | Sewer    | Killed Pargi
  5287 | D:5      | Noticed Sigmund
  5340 | D:5      | Killed Sigmund
  5341 | D:5      | Reached XP level 9. HP: 67/67 MP: 14/14
  5645 | D:5      | Killed Menkaure
  5646 | D:5      | Reached skill level 5 in Fighting
  5772 | D:5      | Killed Edmund
  5773 | D:5      | Reached skill level 7 in Ranged Weapons
  5938 | D:5      | Found an opulent altar of Gozag.
  5941 | D:5      | Found a burning altar of Makhleb.
  5944 | D:5      | Found a stormy altar of Qazlal.
  6068 | D:6      | Identified the +12 quarterstaff of Debt {vorpal, rElec
                  | rPois}
  6077 | D:6      | Identified the +2 dagger "Jellybane" {drain, *Rage +Blink
                  | MP+9 Dex+2}
  6376 | D:6      | Found an iron altar of Okawaru.
  6428 | D:6      | Found a hide-covered altar of Uskayaw.
  6428 | D:6      | Found a shimmering altar of Xom.
  6430 | D:6      | Found a broken altar of Ashenzari.
  6430 | D:6      | Found a basalt altar of Yredelemnul.
  6430 | D:6      | Found a sparkling altar of Nemelex Xobeh.
  7272 | D:7      | Reached skill level 1 in Invocations
  7272 | D:7      | Reached XP level 10. HP: 59/76 MP: 7/15
  7372 | D:7      | Reached skill level 8 in Ranged Weapons
  7457 | D:7      | Found a shimmering blue altar of Sif Muna.
  7684 | D:7      | Found a staircase to the Ecumenical Temple.
  8334 | D:8      | Noticed a two-headed ogre
  8540 | D:8      | Killed a two-headed ogre
  8540 | D:8      | Noticed Grum
  8541 | D:8      | Reached skill level 9 in Ranged Weapons
  8567 | D:8      | Killed Grum
  8721 | D:8      | Found the +5 glaive of the Guard {elec, spectral, AC+5}
  8844 | D:8      | Found a staircase to the Lair.
  8921 | D:8      | Reached skill level 10 in Hexes
  9286 | D:8      | Found a snail-covered altar of Cheibriados.
  9455 | D:8      | Reached XP level 11. HP: 58/84 MP: 13/16
  9526 | D:9      | Reached skill level 10 in Ranged Weapons
  9526 | D:9      | Reached skill level 5 in Invocations
  9717 | D:9      | Found a sparkling altar of Nemelex Xobeh.
  9812 | D:9      | Found an ancient bone altar of Kikubaaqudgha.
  9917 | D:9      | Noticed Maggie
  9930 | D:9      | Killed Maggie
  9931 | D:9      | Reached ** piety under Yredelemnul
 10375 | D:9      | Reached *** piety under Yredelemnul
 10500 | D:9      | Your ally Maggie died
 10700 | D:9      | Found a staircase to the Orcish Mines.
 10775 | D:9      | Found Keklaoci's General Store.
 10786 | D:9      | Bought a potion of heal wounds for 70 gold pieces
 10820 | D:10     | Entered Level 10 of the Dungeon
 10839 | D:10     | Identified the +0 leather armour of Happy Babbling {rN+
                  | Will+ Int+3 Stlth+}
 11202 | D:10     | Reached skill level 11 in Ranged Weapons
 11467 | D:10     | Noticed a two-headed ogre
 11468 | D:10     | Noticed a boulder beetle
 11470 | D:10     | Noticed Heedrag's ghost (journeyman DsCj)
 11472 | D:10     | Found a transporter.
 11475 | D:10     | Found a transporter.
 11479 | D:10     | Noticed a centaur warrior
 12104 | D:10     | Noticed a cyclops
 12122 | D:10     | Killed a cyclops
 12532 | D:10     | Demolished by a two-headed ogre

Illustrated notes

Levels and vault maps discovered:
D:1:      erik_arrival_triangle_small, layout_basic, serial_bayou_pond_a,
          minmay_tetromino_o2
D:2:      layout_rooms, serial_shops, nicolae_shop_behind_doors,
          uniq_crazy_yiuf_cottage
D:3:      layout_loops_ring, mainiacjoe_overflow_alcove_1,
          nicolae_figureground_pulse
D:4:      layout_cave_pools, serial_bayou_crossing, uniq_ijyb, uniq_pikel,
          uniq_blork_the_orc
D:5:      layout_gridville, lemuel_round_altar, grunt_temple_overflow_diamond,
          portal_sewer_entry_b, uniq_sigmund, uniq_edmund, uniq_menkaure
D:6:      wad_lake_hut, layout_cave_pods, doesnt_xom_only_xom
D:7:      layout_basic, nicolae_sif_muna_condensation,
          minmay_temple_entry_poolview
D:8:      layout_cave_pools, slow_altar_2, lair_entry_dummy, uniq_grum
D:9:      layout_loops_cross, lemuel_zombie_altar_kikubaaqudgha,
          mainiacjoe_overflow_paths, orc_0_dummy, serial_shops,
          nicolae_lakefront_shop, uniq_maggie
D:10:     minmay_skewed_foursquare, layout_basic, gammafunk_ghost_arena

Skill      XL: |  1  2  3  4  5  6  7  8  9 10 11 |
---------------+----------------------------------+-----
Translocations | 1 2 |  2.0
Hexes          | 4 6 7 9 10 | 10.0
Fighting       | 2 3 4 5 7 8 |  8.8
Ranged Weapons | 3 5 6 7 9 11 | 11.4
Spellcasting   | 3 |  3.3
Armour         | 2 3 4 |  4.0
Invocations    | 1 4 7 |  7.0
Dodging        | |  1.7

Action                   |  1- 3 |  4- 6 |  7- 9 | 10-12 || total
-------------------------+-------+-------+-------+-------++-------
 Fire: Sling             |   104 |   138 |   241 |   103 ||   586
       Shortbow          |       |       |       |   364 ||   364
Throw: Dart              |       |     1 |       |     1 ||     2
 Cast: Slow              |     9 |    37 |    21 |     5 ||    72
       Inner Flame       |       |    12 |    25 |    34 ||    71
       Portal Projectile |       |       |    24 |    42 ||    66
       Cause Fear        |       |       |     6 |     9 ||    15
Invok: Recall Undead Har |       |       |     1 |     6 ||     7
 Abil: Dig               |       |       |       |     3 ||     3
  Use: Scroll            |       |       |     1 |    12 ||    13
       Potion            |       |       |       |     6 ||     6
Armor: Robe              |     4 |     6 |     2 |       ||    12
       Leather armour    |       |     7 |    24 |    41 ||    72
       Steam dragon scal |       |       |       |    47 ||    47
Dodge: Dodged            |    43 |    66 |    52 |   167 ||   328

Table legend: (Time is in decaauts)
 A = Elapsed time spent in this place.
 B = Non-inter-level travel time spent in this place.
 C = Inter-level travel time spent in this place.
 D = Time resting spent in this place.
 E = Time spent auto-exploring this place.
 F = Levels seen in this place.
 G = Mean time per level.
                   A        B        C        D        E       F      G
               +--------+--------+--------+--------+--------+-----+--------+
         Total |  12660 |  12142 |    518 |   2946 |   6500 |  11 | 1150.9 |
       Dungeon |  12390 |  11872 |    518 |   2863 |   6412 |  10 | 1239.0 |
         Sewer |    269 |    269 |      0 |     83 |     88 |   1 |  269.0 |
               +--------+--------+--------+--------+--------+-----+--------+

Top non-repeatable levels by time:
    D:10: 1620 daAuts
     D:3: 1599 daAuts
     D:4: 1567 daAuts
     D:9: 1391 daAuts
     D:6: 1279 daAuts
     D:7: 1269 daAuts
     D:5: 1167 daAuts
     D:8: 1027 daAuts
     D:2: 819 daAuts
     D:1: 649 daAuts
   Sewer: 269 daAuts
